AoeStats
← WizardinBlack74

African Clearing

504384891Analyzed
2v2 RM · 28d ago on Sep 5, 2026· 59m 52s· 4 players
Game mode
Random Map
Map size
Medium (4 player)
Population
200
Speed
Normal
Resources
Standard
Victory
Conquest
Starting age
Dark Age
Ending age
Imperial Age
RankedLock teamsTeams togetherTeam positionsShared explorationLock speedFull tech treeHidden civsTurbo modeCheats
Victory
Defeat
🇨🇳 Georgians · China
434
+12
🇨🇴 Inca · Colombia
329
+16
🇺🇸 Cumans · United States
332
-14
🇺🇸 Persians · United States
331
-14
coordtss2
5:41 Loom
20:39 Feudal Age
22:00 Town Watch
22:52 Wheelbarrow
23:40 Gold Mining
23:40 Double-Bit Axe
23:46 Stone Mining
27:54 Horse Collar
31:50 Fletching
35:27 Castle Age
34:09 Forging
34:01 Scale Mail Armor
34:01 Padded Archer Armor
36:51 Town Patrol
42:41 Andean Sling
46:31 Imperial Age
51:44 Heavy Plow
51:55 Bow Saw
52:22 Gold Shaft Mining
55:14 Conscription
54:25 Sappers
言午文亦大
14:07 Feudal Age
23:27 Loom
24:17 Double-Bit Axe
25:13 Fletching
26:35 Gold Mining
27:43 Padded Archer Armor
28:21 Town Watch
31:12 Bloodlines
31:16 Forging
32:34 Scale Barding Armor
32:27 Horse Collar
39:30 Castle Age
40:14 Stone Mining
40:39 Bow Saw
41:43 Husbandry
41:26 Crossbowman
42:46 Bodkin Arrow
43:07 Leather Archer Armor
45:38 Squires
46:19 Iron Casting
50:39 Chain Barding Armor
58:47 Light Cavalry
Witchinblack6
WizardinBlack74
29:29 Feudal Age
Connection lost

Rejoining the realm…

Still unreachable

The connection could not be restored.

Session expired

The server has moved on; the page needs a fresh start.